[Event "Early-Titled-Tuesday-Blitz-February-13-2024"]
[Site "Chess.com"]
[Date "2024.02.13"]
[Round "9"]
[White "lucasran"]
[Black "HajiyevKanan"]
[Result "0-1"]
[WhiteElo "2665"]
[BlackElo "2516"]
[TimeControl "180+1"]
[EndTime "9:48:22 PST"]
[Termination "HajiyevKanan won by checkmate"]

1. Nf3 d5 2. d4 c5 3. c4 cxd4 4. cxd5 Nf6 5. Qa4+ Qd7 6. Qxd4 Qxd5 7. Nc3 Qxd4 8.
Nxd4 a6 9. g3 e5 10. Nb3 Bb4 11. Bd2 O-O 12. a3 Bxc3 13. Bxc3 Nc6 14. Bg2 Re8 15. Rc1 e4 16. Bxf6 gxf6 17. O-O f5 18. e3 Be6 19. Nc5 Re7 20. Rfd1 Ne5 21. Bf1 Kg7 22. Kg2 a5 23. Rd6 Kf6 24. Bb5 h5 25.
h4 Rb8 26. Rb6 Rd8 27. Rc2 Rd1 28. Be2 Re1 29. Rxb7 Rxb7 30. Nxb7 Nd3 31. Rd2 Nc1 32. Bf1 Bb3 33. Nc5 a4 34. Bb5 Bd1 35. Bxa4 Bf3+ 36.
Kh2 Rh1# 0-1

[Event "Early-Titled-Tuesday-Blitz-February-13-2024"]
[Site "Chess.com"]
[Date "2024.02.13"]
[Round "9"]
[White "m_ezat"]
[Black "N_I_Chess"]
[Result "1-0"]
[WhiteElo "2437"]
[BlackElo "2295"]
[TimeControl "180+1"]
[EndTime "9:48:22 PST"]
[Termination "m_ezat won on time"]

1. d4 Nf6 2. c4 e6 3. Nc3 Bb4 4. e3 O-O 5. a3 Bxc3+ 6. bxc3 Nc6 7.
Bd3 e5 8. Ne2 b6 9. O-O Ba6 10.
e4 h6 11. f4 exd4 12. e5 Ne8 13. cxd4 Na5 14. f5 f6 15. Nf4 Bxc4 16. Bxc4+ Nxc4 17. Qb3 d5 18. Ne6 Qd7 19. Nxf8 Kxf8 20. Bf4 a5 21. Qg3 c6 22. Rae1 Qf7 23. Qg4 Nxa3 24.
Rf3 Nc4 25. Rg3 a4 26. e6 Qe7 27. Bxh6 Ra7 28. Qh5 Ned6 29. Bf4 1-0

[Event "Early-Titled-Tuesday-Blitz-February-13-2024"]
[Site "Chess.com"]
[Date "2024.02.13"]
[Round "9"]
[White "ChessBliss09"]
[Black "LaPiToB"]
[Result "0-1"]
[WhiteElo "2131"]
[BlackElo "2311"]
[TimeControl "180+1"]
[EndTime "9:48:22 PST"]
[Termination "LaPiToB won by checkmate"]

1. c4 Nf6 2. Nc3 c5 3. Nf3 Nc6 4. d4 cxd4 5. Nxd4 g6 6. g3 Bg7 7. Bg2 O-O 8. O-O Nxd4 9. Qxd4 d6 10. e4 a6 11. Qd3 Be6 12. b3 Rc8 13. Bb2 Ng4 14.
h3 Ne5 15. Qd2 Qa5 16. Rfd1 Rfd8 17. f4 Nc6 18. Nd5 Qxd2 19. Rxd2 Bxb2 20. Rxb2 b5 21. Rc1 Bxd5 22. cxd5 Nb4 23. Rxc8 Rxc8 24. a3 Nd3 25. Rd2 Rc1+ 26. Kh2 Ne1 27. e5 Rc3 28. Re2 Nxg2 29. Kxg2 Rxb3 30. exd6 exd6 31. Re8+ Kg7 32. Rd8 Rxa3 33.
Rxd6 a5 34. Rb6 b4 35. d6 Rd3 36. Ra6 Rd5 37. d7 Rxd7 38. Rxa5 Rb7 39. Ra2 b3 40.
Rb2 Kf6 41. Kf3 Ke6 42. Ke4 f5+ 43. Ke3 Kd5 44. Kd3 Rb4 45. Kc3 Rb7 46. Rd2+ Ke4 47. Kb2 Kf3 48. Rd3+ Kf2 49. h4 Re7 50. Kxb3 Re3 51.
Rxe3 Kxe3 52. Kc2 Kf3 53. Kd3 Kxg3 54. Ke3 Kxh4 55. Kf3 Kh3 56. Kf2 Kg4 57. Kg2 Kxf4 58. Kh3 g5 59. Kh2 h5 60. Kh3 h4 61. Kg2 g4 62. Kh2 Kf3 63. Kg1 Kg3 64. Kh1 h3 65.
Kg1 f4 66. Kh1 Kf2 67. Kh2 g3+ 68. Kh1 g2+ 69. Kh2 g1=Q+ 70. Kxh3 Qg3# 0-1

[Event "Early-Titled-Tuesday-Blitz-February-13-2024"]
[Site "Chess.com"]
[Date "2024.02.13"]
[Round "9"]
[White "Balla_Tamas"]
[Black "bilosuvenosu06"]
[Result "0-1"]
[WhiteElo "2409"]
[BlackElo "2541"]
[TimeControl "180+1"]
[EndTime "9:48:23 PST"]
[Termination "bilosuvenosu06 won by resignation"]

1. e4 g6 2. d4 Bg7 3. Nf3 d6 4. Bc4 e6 5. c3 Ne7 6. O-O h6 7. Re1 O-O 8. e5 Nbc6 9. exd6 Qxd6 10. Nbd2 Nd5 11. Ne4 Qd8 12. h3 Kh7 13. Bb3 b6 14. h4 f5 15. Ng3 Re8 16. Bc2 Bd7 17. a3 Nf6 18. c4 Ng4 19. Bf4 e5 20. dxe5 Ncxe5 21. Nxe5 Bxe5 22. Bxe5 Rxe5 23. Rxe5 Nxe5 24. h5 Be6 25. hxg6+ Nxg6 26. Qh5 Qh4 27. Qf3 Rf8 28. Re1 Qf6 29. Nh5 Qf7 30. b3 Nh4 31. Qe2 Qg6 32. Nf4 Qg5 33. Qxe6 Nf3+ 34. Kf1 Nxe1 35. Qe7+ Qxe7 0-1

[Event "Early-Titled-Tuesday-Blitz-February-13-2024"]
[Site "Chess.com"]
[Date "2024.02.13"]
[Round "9"]
[White "JaackCamel"]
[Black "abelmat"]
[Result "1-0"]
[WhiteElo "2203"]
[BlackElo "2076"]
[TimeControl "180+1"]
[EndTime "9:48:23 PST"]
[Termination "JaackCamel won on time"]

1. d4 d5 2. c4 e6 3. Nc3 Nf6 4. cxd5 exd5 5. Bg5 c6 6. e3 Be7 7. Bd3 O-O 8. Qc2 Nbd7 9. Nge2 Re8 10. O-O Nf8 11.
h3 Ne4 12. Bxe7 Qxe7 13. Bxe4 dxe4 14. d5 Bf5 15. Rfd1 cxd5 16. Nxd5 Qg5 17. Ng3 Rac8 18. Qa4 Bd7 19. Qb4 Rc2 20. Nxe4 Qf5 21. Ne7+ Rxe7 22. Qxe7 Bc6 23. f3 Qg6 24. g4 h5 25. Rd8 Kh7 26.
Ng5+ Kh6 27. Nxf7+ Kh7 28. Rxf8 Rg2+ 29. Kxg2 Qc2+ 30.
Kg3 h4+ 31. Kxh4 Qf2+ 32. Kh5 g6+ 33. Kg5 Qxe3+ 34. Qxe3 Kg7 35. Qe5+ 1-0

[Event "Early-Titled-Tuesday-Blitz-February-13-2024"]
[Site "Chess.com"]
[Date "2024.02.13"]
[Round "9"]
[White "only_strong_moves"]
[Black "winniethepooh04"]
[Result "1-0"]
[WhiteElo "2683"]
[BlackElo "2537"]
[TimeControl "180+1"]
[EndTime "9:48:24 PST"]
[Termination "only_strong_moves won by resignation"]

1. d4 e6 2. c4 d5 3. Nf3 Nf6 4. Nc3 a6 5. cxd5 exd5 6. Bg5 Be6 7. e3 Nbd7 8. Bd3 Bd6 9. Bf4 O-O 10. Bxd6 cxd6 11.
h3 Re8 12. O-O h6 13. Qb3 Qb6 14. Qa3 a5 15. Rac1 Rec8 16. Na4 Qb4 17. Nc3 Nb6 18. Nb5 Ne8 19. b3 Rxc1 20. Rxc1 Qxa3 21. Nxa3 Rc8 22.
Rxc8 Nxc8 23. Nb5 Kf8 24. Nd2 Ke7 25. f4 Bd7 26. Nc3 Nc7 27. a3 Na7 28. b4 axb4 29.
axb4 Bb5 30. Bc2 Bc6 31. Bb3 Nab5 32. Ndb1 Na7 33. Na3 b5 34. Nc2 Nc8 35. Kf2 Nb6 36. g4 Nc4 37. Bxc4 dxc4 38. e4 g5 39. d5 Bd7 40. f5 f6 41. Ke3 Kf7 42. Nd4 Ke8 43.
Ne6 Na6 44. Kd4 Ke7 45. Na2 Ke8 46. Kc3 Ke7 47. Nc1 Bxe6 48. fxe6 Nc7 49. Ne2 Ne8 50. Nd4 Nc7 51. Nf5+ Kf8 52. Nxd6 Ke7 53. Nf5+ Kf8 54. Nxh6 Kg7 55. Nf5+ Kf8 56. Kd4 Na6 57. d6 Nxb4 58.
d7 Nc6+ 59. Kc5 1-0

[Event "Early-Titled-Tuesday-Blitz-February-13-2024"]
[Site "Chess.com"]
[Date "2024.02.13"]
[Round "9"]
[White "KacperKacprzak"]
[Black "colegiodemadrid"]
[Result "0-1"]
[WhiteElo "2721"]
[BlackElo "2568"]
[TimeControl "180+1"]
[EndTime "9:48:25 PST"]
[Termination "colegiodemadrid won on time"]

1. e4 c6 2. Nf3 d5 3. Nc3 Bg4 4. h3 Bxf3 5. Qxf3 e6 6. Be2 Nf6 7. O-O Be7 8. d3 d4 9. Nb1 c5 10. Qg3 O-O 11. f4 Nc6 12. Nd2 Re8 13. Nf3 c4 14. Kh1 Nb4 15. Ne1 cxd3 16. cxd3 Rc8 17. a3 Nc2 18. Nxc2 Rxc2 19. Bd1 Rc6 20. Bd2 Qb6 21.
Ba4 Qxb2 22. Bxc6 bxc6 23. Ba5 Qb5 24. Bc7 Nd7 25. Rfb1 Qa6 26. a4 c5 27. f5 c4 28.
dxc4 Qxc4 29. Rc1 Qa6 30. Rf1 exf5 31. Rxf5 f6 32. Rd5 Nc5 33. Qg4 Bf8 34. Re1 Nd3 35. Rf1 Nb4 36. Rb5 Qxa4 37. Qd7 Re7 38. Qc8 Qxb5 39.
Rc1 Re8 40. Qg4 Nd3 41. Rf1 Ne5 42. Qf4 d3 43. Rd1 Qb3 44. Rd2 Qc4 45. Ba5 Bd6 46.
Rd1 Qc2 47. Rd2 Qc1+ 48. Kh2 Nf3+ 0-1

[Event "Early-Titled-Tuesday-Blitz-February-13-2024"]
[Site "Chess.com"]
[Date "2024.02.13"]
[Round "9"]
[White "Brahianzevich"]
[Black "Statham_01"]
[Result "1-0"]
[WhiteElo "2464"]
[BlackElo "2575"]
[TimeControl "180+1"]
[EndTime "9:48:25 PST"]
[Termination "Brahianzevich won on time"]

1. e4 e5 2. Nf3 Nf6 3. Nxe5 Nc6 4. Nf3 d5 5. e5 Qe7 6. Qe2 Nh5 7. d4 Bg4 8. c3 O-O-O 9. h3 Bxf3 10. Qxf3 g6 11. Be2 Kb8 12. O-O Ng7 13. Bf4 Ne6 14.
Bh2 Bg7 15. Nd2 h5 16. b4 g5 17. Qf5 g4 18. hxg4 hxg4 19. Bxg4 Rdg8 20. Nf3 Bh6 21.
Bh3 Qf8 22. Kh1 Ne7 23. Qd3 Nf4 24. Bxf4 Bxf4 25. Ng1 Ng6 26. Qf3 c6 27. b5 cxb5 28. Rab1 a6 29. a4 Qh6 30. axb5 a5 31. b6 Ne7 32. Ne2 Bd2 33. Rb5 a4 34. Ra5 Nc6 35.
Rxa4 Rg6 36. Rfa1 1-0

[Event "Early-Titled-Tuesday-Blitz-February-13-2024"]
[Site "Chess.com"]
[Date "2024.02.13"]
[Round "9"]
[White "giovannibrandao7"]
[Black "Matols"]
[Result "1-0"]
[WhiteElo "2267"]
[BlackElo "2384"]
[TimeControl "180+1"]
[EndTime "9:48:25 PST"]
[Termination "giovannibrandao7 won by checkmate"]

1. e4 c6 2. d4 d5 3. Nc3 dxe4 4. Nxe4 Nf6 5. Ng5 Bf5 6. N1f3 e6 7. Bc4 h6 8. Nxf7 Kxf7 9. Ne5+ Kg8 10. g4 b5 11. Bb3 Be4 12. Bxe6+ Kh7 13. g5 hxg5 14. Nf7 Qc7 15. Nxg5+ Kg6 16. Nxe4 Bb4+ 17. Kf1 Nxe4 18. Qg4+ Kf6 19. Qxe4 Rh5 20. Qf3+ Kxe6 21. Qxh5 Nd7 22. Qg6+ Nf6 23. Bg5 Rf8 24. c3 Bd6 25.
Re1+ Kd5 26. Qf5+ Kc4 27. b3+ Kxc3 28. Rc1+ Kb4 29. Bd2+ Ka3 30. Rc2 Nd5 31. Qd3 Nf4 32. Bc1+ Kb4 33. Qc3# 1-0

[Event "Early-Titled-Tuesday-Blitz-February-13-2024"]
[Site "Chess.com"]
[Date "2024.02.13"]
[Round "9"]
[White "Ducke13"]
[Black "Kotlyar_K"]
[Result "0-1"]
[WhiteElo "2324"]
[BlackElo "2534"]
[TimeControl "180+1"]
[EndTime "9:48:26 PST"]
[Termination "Kotlyar_K won on time"]

1. d4 Nf6 2. g3 d5 3. Nf3 g6 4. Bg2 Bg7 5. c4 c6 6. cxd5 cxd5 7. Nc3 O-O 8. Ne5 Nc6 9. O-O Qb6 10. Nxc6 bxc6 11.
Na4 Qc7 12. Bf4 Qd8 13. Rc1 Bd7 14.
Qd2 Nh5 15. Bg5 Rb8 16. a3 f6 17. Bh6 e5 18. Bxg7 Nxg7 19. e4 dxe4 20. dxe5 f5 21.
Rfd1 Be6 22. Rxc6 Bb3 23. Qxd8 Rfxd8 24. Rxd8+ Rxd8 25. Nc3 Rd2 26. Bf1 Rxb2 27. Rc8+ Kf7 28. Rc7+ Kf8 29. Rxa7 Rc2 30. Rc7 Rc1 31. Kg2 Ne6 32.
Rc8+ Ke7 33. a4 Kd7 34. Ba6 Nc7 0-1

[Event "Early-Titled-Tuesday-Blitz-February-13-2024"]
[Site "Chess.com"]
[Date "2024.02.13"]
[Round "9"]
[White "JoliyRoger"]
[Black "margarita_2703"]
[Result "1-0"]
[WhiteElo "2530"]
[BlackElo "2373"]
[TimeControl "180+1"]
[EndTime "9:48:27 PST"]
[Termination "JoliyRoger won on time"]

1. d4 d5 2. Nf3 Nf6 3. c4 e6 4. Nc3 Be7 5. e3 O-O 6. b3 c5 7. cxd5 exd5 8. Bb2 Nc6 9. Bb5 a6 10. Bxc6 bxc6 11. O-O Bg4 12. dxc5 Bxc5 13. Ne2 Bxf3 14. gxf3 Rc8 15. Qd3 Re8 16. Rac1 Bd6 17. Qxa6 Qd7 18.
Kg2 Be5 19. Bxe5 Rxe5 20. Ng3 h5 21. h4 Ree8 22. Qd3 g6 23. Rc2 Re6 24. Rfc1 Qe7 25. Qd4 Nd7 26. Qf4 Kg7 27. Qg5 f6 28. Nf5+ Kf7 29.
Nxe7 fxg5 30. Nxc8 Ne5 31. hxg5 Nd3 32. Rxc6 Nxc1 33. Rxc1 Ra6 34. a4 Ke6 35. Rc7 Kf5 36. f4 Kg4 37. Ne7 Rb6 38. Nxd5 Rxb3 39. Nf6+ Kh4 40.
f5 1-0

[Event "Early-Titled-Tuesday-Blitz-February-13-2024"]
[Site "Chess.com"]
[Date "2024.02.13"]
[Round "9"]
[White "LuisFSiles"]
[Black "VinzentSpitzl"]
[Result "1-0"]
[WhiteElo "2293"]
[BlackElo "2503"]
[TimeControl "180+1"]
[EndTime "9:48:27 PST"]
[Termination "LuisFSiles won on time"]

1. e4 c5 2. Nf3 d6 3. Bb5+ Bd7 4. Bxd7+ Qxd7 5. O-O Nf6 6. Re1 Nc6 7. c3 e6 8. d4 cxd4 9. cxd4 d5 10. e5 Ne4 11.
Nbd2 Nxd2 12. Bxd2 Be7 13. Rc1 O-O 14. Rc3 Rfc8 15. a3 b5 16. Rd3 b4 17. a4 Na5 18. b3 Nc4 19. Bc1 Rc7 20. Qe2 Rac8 21. Bf4 Na3 22. Ng5 Nc2 23. Red1 Rc3 24. Qh5 Bxg5 25.
Bxg5 Rxd3 26. Rxd3 Rc3 27. Rxc3 bxc3 28. Qd1 Nb4 29. Qc1 Qc6 30. Be7 Nd3 31. Qc2 h6 32.
Bc5 Nxc5 33. Qxc3 Qb7 34. dxc5 a5 35. c6 Qc7 36. Qc5 1-0

[Event "Early-Titled-Tuesday-Blitz-February-13-2024"]
[Site "Chess.com"]
[Date "2024.02.13"]
[Round "9"]
[White "Sam_ChessMood"]
[Black "Szparu"]
[Result "1-0"]
[WhiteElo "2932"]
[BlackElo "2799"]
[TimeControl "180+1"]
[EndTime "9:48:28 PST"]
[Termination "Sam_ChessMood won by resignation"]

1. d4 d5 2. c4 c6 3. Nf3 Nf6 4. e3 Bf5 5. Nc3 e6 6. Nh4 Be4 7. f3 Bg6 8. Bd2 Be7 9. Nxg6 hxg6 10. Qc2 Qc7 11. O-O-O Nbd7 12. Kb1 dxc4 13. Bxc4 Rxh2 14. g4 O-O-O 15. Rxh2 Qxh2 16. g5 Nd5 17. Nxd5 exd5 18.
Bxd5 Bxg5 19. Bxf7 Qe2 20. f4 Bf6 21. Bxg6 Nb6 22. Bd3 Qg2 23. Be4 Qe2 24. Bc1 Qh5 25.
a3 Kb8 26. Rh1 Qe8 27. Bf3 Qe7 28. Rd1 a6 29. Qb3 Ka7 30. Ka2 Rd7 31. Bd2 g6 32. Bb4 Qd8 33. Ba5 Qc7 34. Rg1 Rg7 35. Rh1 g5 36. Rh8 Bd8 37. f5 g4 38. Bg2 g3 39.
e4 Rd7 40. e5 Rxd4 41. e6 Qe7 42. Rxd8 Qxd8 43. Qxb6+ Qxb6 44. Bxb6+ Kxb6 45. e7 1-0

[Event "Early-Titled-Tuesday-Blitz-February-13-2024"]
[Site "Chess.com"]
[Date "2024.02.13"]
[Round "9"]
[White "GulamaliRises"]
[Black "secrethawk1"]
[Result "1-0"]
[WhiteElo "2626"]
[BlackElo "2478"]
[TimeControl "180+1"]
[EndTime "9:48:28 PST"]
[Termination "GulamaliRises won by checkmate"]

1. e4 c6 2. d4 d5 3. e5 Bf5 4. Nf3 e6 5. Be2 c5 6. O-O Nc6 7. c3 Nge7 8. dxc5 Ng6 9. b4 Ngxe5 10. Nxe5 Nxe5 11. g4 Bxb1 12. Rxb1 Be7 13. f4 Nc6 14.
Be3 O-O 15. g5 Rc8 16. Bd4 Nxd4 17. cxd4 f6 18. Bg4 f5 19. Bf3 a6 20. Qe2 Qd7 21.
Rfe1 Kf7 22. a4 Rfe8 23. b5 axb5 24. axb5 Bf8 25. Ra1 Ra8 26. Kf2 g6 27. Rac1 Bg7 28. c6 Bxd4+ 29. Kg3 bxc6 30. Rxc6 e5 31. Rxg6 hxg6 32.
Qd2 exf4+ 33. Kg2 Rxe1 34. Qxe1 Be3 35. Qd1 Rd8 36. Qb3 Kf8 37. b6 Qb7 38. Qb4+ Kg8 39. Qb3 Qxb6 40. Bxd5+ Kg7 41. Qc4 Qd4 42. Qc7+ Kf8 43.
Qf7# 1-0

[Event "Early-Titled-Tuesday-Blitz-February-13-2024"]
[Site "Chess.com"]
[Date "2024.02.13"]
[Round "9"]
[White "Predator0608"]
[Black "Licancabur"]
[Result "1-0"]
[WhiteElo "2583"]
[BlackElo "2437"]
[TimeControl "180+1"]
[EndTime "9:48:28 PST"]
[Termination "Predator0608 won on time"]

1. f4 d5 2. Nf3 Nf6 3. g3 g6 4.
Bg2 Bg7 5. O-O O-O 6. d3 b6 7.
Qe1 Bb7 8. Nbd2 Nbd7 9. e4 dxe4 10. dxe4 e5 11. f5 Nc5 12. Nh4 Ncxe4 13. Nxe4 Bxe4 14. Bg5 Bxg2 15. Nxg2 h6 16. Bxf6 Bxf6 17. fxg6 fxg6 18. Rd1 Qe7 19. Qe4 Kg7 20. Ne3 Rad8 21. Nd5 Qc5+ 22.
Kh1 c6 23. Nc7 Qe7 24. Qxc6 Kg8 25. Nd5 Rxd5 26. Rxd5 e4 27. Rd7 Qe5 28. Qc4+ Kh8 29. Qb4 Re8 30. Qc4 Bg7 31. Re1 e3 32. Rd3 e2 33. Rd2 Qe3 34. Rdxe2 Qf3+ 35. Kg1 Rxe2 36. Rxe2 1-0

[Event "Early-Titled-Tuesday-Blitz-February-13-2024"]
[Site "Chess.com"]
[Date "2024.02.13"]
[Round "9"]
[White "Flaccidmoves"]
[Black "Bilan_Danila"]
[Result "0-1"]
[WhiteElo "2429"]
[BlackElo "2558"]
[TimeControl "180+1"]
[EndTime "9:48:29 PST"]
[Termination "Bilan_Danila won by resignation"]

1. c4 c6 2. d4 d5 3. cxd5 cxd5 4.
Bg5 Nc6 5. Nc3 Nf6 6. Bxf6 gxf6 7. e3 e6 8. Rc1 Bd6 9. g3 f5 10. Bg2 Bd7 11. Nge2 Rc8 12. O-O Ne7 13. Nf4 Ng6 14.
Nh5 O-O 15. Kh1 Qg5 16. f4 Qe7 17. Rg1 Kh8 18. Bf3 Rc7 19. Qd2 Rfc8 20. Qg2 Bb4 21. Ne2 Rc2 22. a3 Bd2 23. Rxc2 Rxc2 24. Qf2 Rxb2 25.
g4 Qxa3 26. gxf5 exf5 27. Bxd5 Qxe3 28. Qxe3 Bxe3 29. Rg2 Rb1+ 30. Ng1 Bc6 31. Bxc6 bxc6 32. h3 Bxd4 33. Kh2 Bxg1+ 34. Rxg1 Rxg1 35. Kxg1 a5 36. Ng3 a4 37. Nxf5 a3 38. Nd4 a2 39. Nc2 Nxf4 40. Kh2 Kg7 41. Kg3 Ne2+ 42. Kf3 Nd4+ 0-1

[Event "Early-Titled-Tuesday-Blitz-February-13-2024"]
[Site "Chess.com"]
[Date "2024.02.13"]
[Round "9"]
[White "Durarbayli"]
[Black "Abund"]
[Result "1-0"]
[WhiteElo "2920"]
[BlackElo "2763"]
[TimeControl "180+1"]
[EndTime "9:48:30 PST"]
[Termination "Durarbayli won on time"]

1. e4 c6 2. d4 d5 3. exd5 cxd5 4. c4 Nf6 5. Nc3 Nc6 6. Nf3 a6 7. h3 g6 8. c5 Bf5 9. Bd3 Ne4 10. O-O Bg7 11.
Re1 O-O 12. Be3 e5 13. Bxe4 dxe4 14. Nxe5 Nxe5 15. dxe5 Bxe5 16. Qb3 Rb8 17. Red1 Qh4 18. Nd5 Be6 19. Rd2 Rfd8 20. Rad1 Kg7 21. Qa3 Qh5 22.
Qa4 Bxh3 23. Qxe4 Bg4 24. f3 Be6 25. Nf4 Bxf4 26. Rxd8 Qh2+ 27. Kf1 Qh1+ 28. Bg1 Bh2 29. Qd4+ f6 30. Rxb8 Bxb8 31. Qe4 Bh2 32. Qe3 Bc4+ 33. Kf2 Be5 34. Qe4 Qh6 35. Qxc4 1-0

[Event "Early-Titled-Tuesday-Blitz-February-13-2024"]
[Site "Chess.com"]
[Date "2024.02.13"]
[Round "9"]
[White "Atousa"]
[Black "Al_Shima"]
[Result "1-0"]
[WhiteElo "2511"]
[BlackElo "2367"]
[TimeControl "180+1"]
[EndTime "9:48:31 PST"]
[Termination "Atousa won on time"]

1. e4 c5 2. Nf3 e6 3. d4 cxd4 4.
Nxd4 a6 5. Nc3 b5 6. Be2 Bb7 7.
O-O b4 8. Na4 Bxe4 9. Re1 d5 10.
c4 Nf6 11. Bg5 Be7 12. Bf3 Bxf3 13. Qxf3 O-O 14. Rac1 h6 15. Bh4 a5 16. c5 Ne4 17. Bxe7 Qxe7 18. c6 Na6 19. Qd3 Qa7 20.
Re3 Nac5 21. Nxc5 Nxc5 22. Qb5 Ne4 23. Qd3 Rac8 24. f3 Nd6 25. Kh1 Qb6 26. Re2 Rfe8 27.
Rec2 Nc4 28. b3 Na3 29. Rc5 Rc7 30. h3 Rec8 31. f4 Rd8 32. Qg3 Re8 33. f5 e5 34.
f6 g6 35. Nf5 Kh7 36. Nxh6 Kh8 37. Qh4 Re6 38. Nf5+ Kg8 39. Ne7+ Rexe7 40. fxe7 Rc8 41.
Qf6 Nb5 42. Rf1 1-0

[Event "Early-Titled-Tuesday-Blitz-February-13-2024"]
[Site "Chess.com"]
[Date "2024.02.13"]
[Round "9"]
[White "Njal28"]
[Black "Igor_Lysyj"]
[Result "1-0"]
[WhiteElo "2993"]
[BlackElo "2859"]
[TimeControl "180+1"]
[EndTime "9:48:32 PST"]
[Termination "Njal28 won on time"]

1. d4 d5 2. c4 e6 3. Nf3 Nf6 4. e3 Be7 5. Nc3 O-O 6. cxd5 exd5 7. Bd3 Bd6 8. Qc2 c6 9. O-O Nbd7 10. Bd2 Re8 11.
Rfe1 Nf8 12. h3 Bd7 13. Rac1 Ng6 14. Ng5 Rc8 15. e4 dxe4 16. Ncxe4 Nxe4 17. Bxe4 Qf6 18. Qb3 Bf4 19. Bxf4 Qxf4 20. Bxg6 hxg6 21. Nf3 Be6 22. Qxb7 Bxh3 23. Rxe8+ Rxe8 24. Qxc6 Bd7 25. Qc7 Qf5 26. Qxa7 Be6 27. Qa4 Rd8 28. Qc2 Qf4 29. Qc7 Qf6 30. Qe5 Qe7 31. Re1 Qb7 32. b3 Bd5 33. Qg3 Qa7 34. Ng5 Qxa2 35. Qh3 1-0

[Event "Early-Titled-Tuesday-Blitz-February-13-2024"]
[Site "Chess.com"]
[Date "2024.02.13"]
[Round "9"]
[White "Rurep26"]
[Black "NelsonLinda"]
[Result "0-1"]
[WhiteElo "2724"]
[BlackElo "2604"]
[TimeControl "180+1"]
[EndTime "9:48:32 PST"]
[Termination "NelsonLinda won by resignation"]

1. d4 Nf6 2. Bf4 g6 3. Nc3 d5 4. e3 Bg7 5. h4 h5 6. Nf3 O-O 7. Qd2 c5 8. O-O-O Nc6 9. Ne5 cxd4 10. exd4 Bf5 11. f3 Nb4 12. Bd3 Nxd3+ 13. cxd3 Qa5 14.
Kb1 Rfc8 15. Rc1 a6 16. Bh6 Bh8 17. g4 Be6 18. gxh5 Nxh5 19. Rhg1 Bxe5 20. Qe3 Bf6 21. Rxg6+ fxg6 22. Qxe6+ Kh7 23. Be3 Qd8 24. Qf7+ Bg7 25. Rg1 Qe8 26. Qe6 Rc6 27. Qxd5 Rd8 28. Qa5 Rf6 29.
Ne4 Rf5 30. Qb6 Rd7 31. Ng5+ Kh8 32. Ne4 Nf4 33. Bxf4 Rxf4 34. Rxg6 Rxh4 35. Ng3 Rd6 36. Rxd6 exd6 37. Qxd6 Rxd4 38. Qc5 Qe1+ 39. Kc2 Qxg3 40. Qc8+ Kh7 41. Qf5+ Qg6 42. Qh3+ Kg8 0-1

[Event "Early-Titled-Tuesday-Blitz-February-13-2024"]
[Site "Chess.com"]
[Date "2024.02.13"]
[Round "9"]
[White "edgarhay012"]
[Black "crazy_m_attack"]
[Result "1-0"]
[WhiteElo "2636"]
[BlackElo "2477"]
[TimeControl "180+1"]
[EndTime "9:48:33 PST"]
[Termination "edgarhay012 won on time"]

1. e4 e5 2. Nf3 Nc6 3. Bb5 a6 4. Ba4 Nf6 5. O-O Be7 6. Bxc6 dxc6 7. d3 Nd7 8. Nbd2 O-O 9. Nc4 f6 10.
Nh4 Nc5 11. Nf5 Bxf5 12. exf5 b5 13. Ne3 Qd7 14. Bd2 Rad8 15. Ba5 Nb7 16. Bc3 Nd6 17. Qf3 Nf7 18. Rad1 Bc5 19. Rde1 Nh6 20. g4 Nf7 21. h4 Rfe8 22. Ng2 Nd6 23. Re2 Bb6 24. Rfe1 c5 25.
Ne3 e4 26. dxe4 Nxe4 27. Rd1 Nd6 28. Nd5 b4 29. Bxf6 Rxe2 30. Qxe2 Re8 31. Qf3 Qf7 32. Bg5 Nc4 33. Nf4 h6 34. Bxh6 gxh6 35. Qc6 Qg7 36.
Ng6 Qf7 37. Rd7 Qf6 38. Qxf6 1-0

[Event "Early-Titled-Tuesday-Blitz-February-13-2024"]
[Site "Chess.com"]
[Date "2024.02.13"]
[Round "9"]
[White "GMRAVEN_ON_YOUTUBE"]
[Black "Barmen_EV"]
[Result "1/2-1/2"]
[WhiteElo "2778"]
[BlackElo "2516"]
[TimeControl "180+1"]
[EndTime "9:48:33 PST"]
[Termination "Game drawn - insufficient material"]

1. f4 e5 2. fxe5 d6 3. exd6 Bxd6 4. Nf3 g5 5. g3 g4 6. Nh4 Ne7 7. d4 Ng6 8. Nxg6 hxg6 9. Qd3 Nc6 10. c3 Bd7 11.
Bg2 Qe7 12. Nd2 O-O-O 13. Nc4 Bf5 14. e4 Bxe4 15. Bxe4 f5 16. Nxd6+ Rxd6 17. Bf4 Re6 18. O-O-O Rxe4 19. d5 Ne5 20. Qb5 g5 21. Bd2 a6 22.
Qb3 Nd3+ 23. Kc2 Re2 24. Qc4 Nf2 25. Rhe1 Re8 26. Rxe2 Qxe2 27. Qxe2 Rxe2 28. Re1 Rxe1 29. Bxe1 Ne4 30. Bd2 Kd7 31. c4 Kd6 32. Be3 Ke5 33. Kd3 f4 34. Bd4+ Kf5 35. b4 fxg3 36. hxg3 Nxg3 37.
a4 Ne4 38. b5 axb5 39. cxb5 Nd6 40. Ke3 g3 41. Kf3 g2 42. b6 cxb6 43. Bxb6 g4+ 44. Kxg2 Ke4 45. Kg3 Kxd5 46. Kxg4 Kc4 47. Bc7 Nc8 48.
Kf5 Kb4 49. a5 Kb5 50. Ke6 b6 51. a6 Kxa6 52. Bxb6 1/2-1/2

[Event "Early-Titled-Tuesday-Blitz-February-13-2024"]
[Site "Chess.com"]
[Date "2024.02.13"]
[Round "9"]
[White "hsd2016"]
[Black "amanjazu"]
[Result "0-1"]
[WhiteElo "2341"]
[BlackElo "2522"]
[TimeControl "180+1"]
[EndTime "9:48:33 PST"]
[Termination "amanjazu won by resignation"]

1. e4 Nf6 2. e5 Nd5 3. c4 Nb6 4.
d4 d6 5. f4 dxe5 6. fxe5 Nc6 7. Be3 Bf5 8. Nc3 e6 9. Nf3 Be7 10.
Be2 O-O 11. O-O f6 12. exf6 Bxf6 13. a4 Bg4 14. a5 Bxf3 15. Rxf3 Nxd4 16. axb6 Nxf3+ 17. Bxf3 axb6 18. Rxa8 Qxd1+ 19. Nxd1 Rxa8 20. Bxb7 Ra1 21. Bf3 Bxb2 22. Kf2 Be5 23. g3 Kf7 24. Kg2 Ra2+ 25.
Nf2 c5 26. Kf1 Bd4 27. Bxd4 cxd4 28. Be2 Ke7 29. Ne4 Ra3 30. Kf2 Re3 31. Nd2 Kd6 32. Nf1 Re5 33. Nd2 Re3 34. Nf3 Kc5 35. Ng5 h6 36.
Nf7 Rc3 37. Ne5 Kd6 38. Nf3 d3 39. Bf1 Kc5 40. Nd2 Kd4 41. Ke1 Rc1+ 42. Kf2 Rc2 43.
Ke1 e5 44. Nf3+ Ke3 0-1

[Event "Early-Titled-Tuesday-Blitz-February-13-2024"]
[Site "Chess.com"]
[Date "2024.02.13"]
[Round "9"]
[White "InadaC"]
[Black "LangesNasenhaar"]
[Result "1-0"]
[WhiteElo "2222"]
[BlackElo "2423"]
[TimeControl "180+1"]
[EndTime "9:48:33 PST"]
[Termination "InadaC won on time"]

1. d4 g6 2. c4 Bg7 3. Nc3 c5 4. e3 cxd4 5. exd4 Nf6 6. Nf3 d5 7. Bg5 Ne4 8. Be3 Nxc3 9. bxc3 Qa5 10. Qc2 O-O 11. cxd5 Qxd5 12. Bd3 Nc6 13. O-O Bg4 14. Be4 Qa5 15. h3 Bd7 16. Rab1 Rab8 17. Bf4 e5 18.
dxe5 Be6 19. a4 Rfc8 20. Ng5 Bc4 21. Rfd1 Nxe5 22. Nf3 b6 23. Nd4 Rc5 24. Bxe5 Bxe5 25. Nc6 Rxc6 26. Bxc6 Rc8 27. Bd7 Rc7 28. Qe4 Qxc3 29.
Rbc1 Qb2 30. Bb5 Bxb5 31. Rxc7 Bxc7 32. axb5 Kg7 33. Qd4+ Qxd4 34. Rxd4 Be5 35. Rd7 Kf6 36. Rxa7 Bd4 37. Rc7 Ke6 38. Kf1 h5 39. Ke2 f5 40. f4 Bg1 41. Rc6+ Kf7 42. Kf3 Kg7 43.
g4 hxg4+ 44. hxg4 fxg4+ 45. Kxg4 Kh6 46. f5 1-0

[Event "Early-Titled-Tuesday-Blitz-February-13-2024"]
[Site "Chess.com"]
[Date "2024.02.13"]
[Round "9"]
[White "WhiteKnight2612"]
[Black "Sanan_Sjugirov"]
[Result "1-0"]
[WhiteElo "2887"]
[BlackElo "2985"]
[TimeControl "180+1"]
[EndTime "9:48:34 PST"]
[Termination "WhiteKnight2612 won on time"]

1. d4 Nf6 2. c4 e6 3. Nc3 Bb4 4.
Qc2 O-O 5. Nf3 d5 6. cxd5 exd5 7. Bg5 h6 8. Bxf6 Qxf6 9. e3 c6 10. a3 Bd6 11. Bd3 Bg4 12. Nd2 Re8 13. Ne2 Nd7 14.
h3 Be6 15. O-O c5 16. f4 Bxh3 17. gxh3 Rxe3 18. Nf3 Rae8 19. Rf2 g6 20. Ne5 Bxe5 21. fxe5 Qh4 22. Bxg6 Rxh3 23. Kf1 Rh1+ 24. Ng1 Qh3+ 25. Rg2 Qf3+ 26. Rf2 Qh3+ 27. Rg2 Kh8 28. Bf5 Qf3+ 29. Rf2 Qg3 30. Rg2 Qf4+ 31. Qf2 Qxf2+ 32. Rxf2 Nb6 33.
dxc5 Nc4 34. Re1 d4 35. Kg2 Rh5 36. Bd3 Ne3+ 37. Kf3 Rexe5 38. Ne2 Rh4 39. Ng3 1-0